[Event "45th FIDE Olympiad 2024"]
[Site "Budapest"]
[Date "2024.09.11"]
[Round "1.163"]
[White "Kalidjo, Imaan"]
[Black "Zhalmakhanov, Ramazan"]
[Result "0-1"]
[ECO "D04"]
[WhiteElo "1934"]
[BlackElo "2497"]
[Annotator "TA"]
[PlyCount "46"]
[EventDate "2024.09.05"]
[EventType "team-tourn"]
[EventCountry "HUN"]
[SourceTitle "playchess.com"]
[Source "ChessBase"]
[SourceQuality "1"]
[WhiteTeam "Suriname"]
[BlackTeam "Kazakhstan"]
[WhiteTeamCountry "SUR"]
[BlackTeamCountry "KAZ"]
[TimeControl "40/5400+30:1800+30"]

1. d4 Nf6 2. e3 d5 3. Bd3 Bg4 4. Nf3 c6 5. Nbd2 Nbd7 6. h3 Bh5 7. g4 Bg6 8. Qe2 e6 9. e4 {The position is equal.} dxe4 10. Nxe4 Nxe4 11. Bxe4 Nf6 12. Bd3 Qd5 13. Bd2 Bxd3 14. Qxd3 h5 15. g5 Ne4 16. c4 Qf5 17. Qe3 (17. Rd1 $11 {remains equal.}) 17... Nxd2 $17 18. Nxd2 Bd6 $1 19. h4 (19. Ne4 $17 {was worth a try.} Bf4 20. Qd3) 19... Bf4 $19 20. Qe2 Bxd2+ 21. Kxd2 {[#]} O-O-O $1 22. Kc3 {[#]} Qa5+ 23. Kc2 (23. Kd3 {might work better.}) 23... Rxd4 {Weighted Error Value: White=0.34/Black=0.02 (flawless) .  Mistake:       	White=3     	---        OK:         	White=4     	Black=9      Best:        	---       	Black=2      Strong:       	---       	Black=2} 0-1

[Event "45th FIDE Olympiad 2024"]
[Site "Budapest"]
[Date "2024.09.11"]
[Round "1.164"]
[White "Ansat, Aldiyar"]
[Black "Chashawa, Shaief"]
[Result "1-0"]
[ECO "C43"]
[WhiteElo "2457"]
[BlackElo "1825"]
[Annotator "TA"]
[PlyCount "55"]
[EventDate "2024.09.05"]
[EventType "team-tourn"]
[EventCountry "HUN"]
[SourceTitle "playchess.com"]
[Source "ChessBase"]
[SourceQuality "1"]
[WhiteTeam "Kazakhstan"]
[BlackTeam "Suriname"]
[WhiteTeamCountry "KAZ"]
[BlackTeamCountry "SUR"]
[TimeControl "40/5400+30:1800+30"]

1. e4 e5 2. Nf3 Nf6 3. d4 Nxe4 4. Bd3 Nc6 5. Nxe5 Nxe5 6. dxe5 d5 7. exd6 Nxd6 8. Qf3 {White is slightly better.} Be6 9. Nc3 Be7 10. Bf4 c6 (10... Bg5 $11) 11. Qg3 $1 $16 {White is more active.} g5 12. Be5 f6 {[#]} 13. O-O-O $1 {[%cal Oh1e1] Strongly threatening Rhe1!} Qc7 {[#]} (13... fxe5 $16 {was called for.} 14. Qxe5 Kf7) 14. Bg6+ $1 hxg6 15. Bxd6 Qa5 (15... Bxd6 16. Rxd6 Kf7) 16. Rhe1 $18 Qf5 17. Bxe7 Kxe7 18. Qc7+ Kf8 19. Rd6 (19. Qxb7 $142 Re8 20. Ne4 (20. Qxc6 Rh7 $18) (20. Qxa7 Re7 $18) 20... Qf4+ 21. Kb1) 19... Qf4+ 20. Kb1 Rc8 {[#]} 21. Qxc8+ $3 Bxc8 22. Rd8+ Kf7 23. Rxh8 $40 {[%mdl 128] White wants a kill.} Bf5 (23... Qxf2 $2 {too greedy.} 24. Rh7+ Kg8 25. Rhe7 $18) 24. Rh7+ Kf8 25. Re2 Bg4 $2 (25... b5 $16 {was worth a try.}) 26. f3 {[%cal Oe2e4] Re4! would now be deadly.} Qd4 {( -> ...Qg1+)} 27. a3 (27. fxg4 $2 {is a self mate.} Qg1+) 27... Bf5 28. g4 {Weighted Error Value: White=0.40/Black=0.62.  Loses game:     	---       	Black=1      Mistake:       	---       	Black=3      Inaccurate:     	White=1     	Black=2      OK:         	White=7     	Black=4      Best:        	White=4     	Black=4      Strong:       	White=2     	---        Brilliant:      	White=1     	---} (28. Rxb7 Qg1+ 29. Ka2 Qc5 $16) 1-0

[Event "45th FIDE Olympiad 2024"]
[Site "Budapest"]
[Date "2024.09.11"]
[Round "1.165"]
[White "Neiksans, Arturs"]
[Black "Ebosse, Kingue Victor Patric"]
[Result "1-0"]
[ECO "E73"]
[WhiteElo "2571"]
[BlackElo "2014"]
[Annotator "TA"]
[PlyCount "51"]
[EventDate "2024.09.05"]
[EventType "team-tourn"]
[EventCountry "HUN"]
[SourceTitle "playchess.com"]
[Source "ChessBase"]
[SourceQuality "1"]
[WhiteTeam "Latvia"]
[BlackTeam "Cameroon"]
[WhiteTeamCountry "LAT"]
[BlackTeamCountry "CAM"]
[TimeControl "40/5400+30:1800+30"]

1. d4 Nf6 2. c4 g6 3. Nc3 Bg7 4. e4 d6 5. Be2 Nc6 6. d5 Ne5 7. f4 Ned7 8. Nh3 Nc5 {White is slightly better.} 9. Nf2 a5 10. Be3 b6 11. Qd2 a4 12. Rd1 O-O 13. O-O e6 (13... Nfd7 $142) 14. dxe6 (14. e5 $142) 14... Bxe6 $16 15. g4 Qe7 (15... Re8 $16) 16. f5 $18 Ncxe4 $2 (16... Bd7 {was worth a try.} 17. Bxc5 bxc5) 17. Nfxe4 Nxe4 18. Nxe4 {[#] aiming for f6.} gxf5 19. gxf5 Bxf5 20. Rxf5 Qxe4 21. Bd3 Qh4 (21... Qe6 $142 22. Kh1 Rae8) 22. Kh1 Rae8 23. Rg1 {[%cal Od2g2] Threatening mate with Qg2!} Kh8 24. Qg2 Bh6 25. Bxh6 Qxh6 {[#]} 26. Rh5 $3 {[%mdl 512] Weighted Error Value: White=0.05 (flawless) /Black=0.94.  Mistake:       	White=1     	Black=4      OK:         	White=10    	Black=6} 1-0

[Event "45th FIDE Olympiad 2024"]
[Site "Budapest"]
[Date "2024.09.11"]
[Round "1.166"]
[White "Zebaze, Dongmo Loic Dylane"]
[Black "Meshkovs, Nikita"]
[Result "0-1"]
[ECO "C41"]
[WhiteElo "1914"]
[BlackElo "2534"]
[Annotator "TA"]
[PlyCount "100"]
[EventDate "2024.09.05"]
[EventType "team-tourn"]
[EventCountry "HUN"]
[SourceTitle "playchess.com"]
[Source "ChessBase"]
[SourceQuality "1"]
[WhiteTeam "Cameroon"]
[BlackTeam "Latvia"]
[WhiteTeamCountry "CAM"]
[BlackTeamCountry "LAT"]
[TimeControl "40/5400+30:1800+30"]

1. d4 Nf6 2. Nc3 d6 3. e4 Nbd7 4. Nf3 e5 5. dxe5 dxe5 6. Bd3 c6 7. O-O Qc7 8. a4 {The position is equal.} Nc5 9. h3 h6 10. Nh4 Be6 11. Qf3 Nxd3 12. Qxd3 Nh5 13. Ne2 (13. Rd1 {keeps more tension.} Nf4 14. Bxf4 exf4 15. Ne2) 13... g6 14. Qf3 Ng7 {aiming for ...Be7.} 15. Qf6 Qe7 16. Qxe7+ Bxe7 17. Nf3 f6 (17... Bc4 $5 18. Re1 $8 f6 $11) 18. Rd1 Bf7 19. Be3 Ne6 20. Rd3 Nc5 21. Bxc5 Bxc5 22. b3 Rd8 23. Rad1 Rxd3 24. Rxd3 Ke7 25. Kf1 a5 26. c4 Bb4 27. Nc3 Rb8 28. Na2 Bc5 29. Nc3 h5 30. Ke2 Be6 31. Nd2 h4 32. f3 f5 33. Kd1 Rh8 34. Ke2 Rh5 35. Kf1 Bb4 36. Ke2 Rh8 37. Kf1 Kf6 38. Ke2 Kg5 39. Kf2 Rb8 40. Na2 Bc5+ 41. Ke2 Kf4 42. Nc3 Bb4 43. Ncb1 (43. Nf1 $17) 43... Re8 44. Kf2 Re7 {Strongly threatening ...Rd7. Black is more active.} 45. Rd8 {[%mdl 8192] [#]} (45. Nc3 $17) 45... Rd7 $19 {Black is clearly winning.} 46. Rxd7 Bxd7 47. exf5 (47. Ke2 $142) 47... Bxf5 48. Ke2 Bc2 49. Kf2 Bd3 50. Kg1 Ke3 {Weighted Error Value: White=0.53/Black=0.07 (flawless) .  Loses game:     	White=1     	---        Mistake:       	White=2     	---        Inaccurate:     	White=4     	Black=1      OK:         	White=17    	Black=11     Best:        	---       	Black=1} 0-1

[Event "45th FIDE Olympiad 2024"]
[Site "Budapest"]
[Date "2024.09.11"]
[Round "1.167"]
[White "Kantans, Toms"]
[Black "Amba, Oyon Marius Claude"]
[Result "1-0"]
[ECO "B42"]
[WhiteElo "2486"]
[BlackElo "1975"]
[Annotator "TA"]
[PlyCount "77"]
[EventDate "2024.09.05"]
[EventType "team-tourn"]
[EventCountry "HUN"]
[SourceTitle "playchess.com"]
[Source "ChessBase"]
[SourceQuality "1"]
[WhiteTeam "Latvia"]
[BlackTeam "Cameroon"]
[WhiteTeamCountry "LAT"]
[BlackTeamCountry "CAM"]
[TimeControl "40/5400+30:1800+30"]

1. e4 c5 2. Nf3 e6 3. d4 cxd4 4. Nxd4 a6 5. Bd3 Qc7 6. O-O Nf6 7. Qe2 d6 8. c4 Nbd7 9. f4 h5 10. Kh1 Ng4 11. Nc3 Be7 {White is better.} 12. Bd2 Qb6 13. Nb3 Nc5 14. Nxc5 Qxc5 {[#]} 15. b4 $1 Qa7 (15... Qd4 16. h3) 16. h3 f6 17. g3 (17. hxg4 $2 hxg4#) 17... Nh6 18. Be3 $36 {[%mdl 2048] White is on the roll.} b6 19. Qxh5+ Nf7 20. Qg6 {White has more active pieces. The black rooks are passive.} (20. Qe2 $16) 20... Kf8 $14 21. h4 Qb7 (21... d5 $142) 22. Kg1 $16 b5 23. cxb5 axb5 24. Nxb5 (24. Bxb5 Rh6 25. Qg4 f5) 24... f5 $2 (24... d5 {might work better.} 25. Rfc1 Rh6) 25. exf5 Rh6 26. Qg4 {Hoping for Nd4.} exf5 27. Qf3 (27. Bxf5 Bxf5 28. Qxf5 Bxh4 29. Nxd6 (29. gxh4 Rxh4 30. Qd3 Rh3 $11) 29... Rxd6 30. gxh4 Kg8 $14) 27... Qxf3 28. Rxf3 Bb7 29. Rf2 Rg6 30. Kh2 (30. Bxf5 $2 {perishes.} Rxg3+ 31. Kh2 Rxe3 $19) 30... Nh6 31. Kh3 Ba6 32. a4 Rb8 33. Rc1 Bd8 $2 (33... Ng4 34. Re2 (34. Bxf5 Nxf2+ 35. Bxf2 Rf6 $18) 34... Nxe3 35. Rxe3 d5 36. Bxf5 Rf6) 34. Re2 $18 {White is clearly winning.} Bb7 35. Nd4 Bf6 36. Nxf5 Bc8 {[#]} 37. Rxc8+ Rxc8 38. Nxd6 Rd8 39. Bxg6 {Weighted Error Value: White=0.34/Black=0.47.  Mistake:       	White=1     	Black=4      Inaccurate:     	White=2     	Black=3      OK:         	White=15    	Black=11     Best:        	White=1     	Black=1} 1-0

[Event "45th FIDE Olympiad 2024"]
[Site "Budapest"]
[Date "2024.09.11"]
[Round "1.168"]
[White "Makem, Pierre"]
[Black "Miezis, Normunds"]
[Result "0-1"]
[ECO "D00"]
[WhiteElo "1860"]
[BlackElo "2417"]
[Annotator "TA"]
[PlyCount "74"]
[EventDate "2024.09.05"]
[EventType "team-tourn"]
[EventCountry "HUN"]
[SourceTitle "playchess.com"]
[Source "ChessBase"]
[SourceQuality "1"]
[WhiteTeam "Cameroon"]
[BlackTeam "Latvia"]
[WhiteTeamCountry "CAM"]
[BlackTeamCountry "LAT"]
[TimeControl "40/5400+30:1800+30"]

1. d4 Nf6 2. Nc3 d5 3. Bf4 e6 4. e3 a6 5. g4 h6 6. Qf3 b5 7. a3 Bb7 8. Qg3 (8. h4 $11) 8... c5 $15 9. Bc7 Qc8 10. f3 Nc6 11. O-O-O cxd4 12. exd4 Qd7 {Against Bd6} 13. Kb1 Rc8 14. Be5 b4 15. axb4 Bxb4 16. Nge2 Na5 {And now ...Nc4 would win.} 17. Na2 Bf8 18. Nec3 Qc6 19. g5 (19. h4 $11) 19... hxg5 20. Qxg5 Nd7 21. h4 (21. Bxg7 $2 {perishes.} Rg8 22. h4 Rxg7 $19 (22... Bxg7 $2 23. h5 $17)) 21... Nxe5 22. Qxe5 Qc7 23. Qg5 ({Better is} 23. f4 $15) 23... Rh6 $17 24. h5 Rf6 25. Be2 Qf4 (25... Bc6 $17 26. Ka1 (26. Bxa6 Rb8 $17) 26... Rb8) 26. Rhg1 Nc4 27. Rd3 (27. Qxf4 $17 Rxf4 28. b3) 27... Qxg5 (27... Qb8 $19 28. Rdd1 Rf5) 28. Rxg5 Rf4 {Black is more active.} 29. b3 (29. Nc1 $17 {might work better.}) 29... Nd6 $19 30. Bf1 (30. Na4 {was worth a try.}) 30... Rh4 31. Re5 Be7 32. Re1 Nf5 33. Ne2 a5 ({But not} 33... Rxh5 34. f4 $19) 34. Nac3 $2 {[#]} (34. f4) 34... Bb4 {[%cal Ob7a6] Black is clearly winning.} 35. f4 Ba6 36. Rh3 Bxe2 37. Rxe2 Rxc3 {Weighted Error Value: White=0.41/Black=0.12 (very precise) .  Mistake:       	White=7     	Black=2      Inaccurate:     	White=5     	Black=1      OK:         	White=8     	Black=15     Best:        	---       	Black=1} 0-1

[Event "45th FIDE Olympiad 2024"]
[Site "Budapest"]
[Date "2024.09.11"]
[Round "1.169"]
[White "Al Maashani, Amer"]
[Black "Haring, Filip"]
[Result "0-1"]
[ECO "E46"]
[WhiteElo "1979"]
[BlackElo "2503"]
[Annotator "TA"]
[PlyCount "90"]
[EventDate "2024.09.05"]
[EventType "team-tourn"]
[EventCountry "HUN"]
[SourceTitle "playchess.com"]
[Source "ChessBase"]
[SourceQuality "1"]
[WhiteTeam "Oman"]
[BlackTeam "Slovakia"]
[WhiteTeamCountry "OMN"]
[BlackTeamCountry "SVK"]
[TimeControl "40/5400+30:1800+30"]

1. d4 Nf6 2. c4 e6 3. Nc3 Bb4 4. e3 O-O 5. Nge2 c6 6. a3 Ba5 7. b4 Bc7 8. Ng3 {The position is equal.} d5 9. f4 a5 {Threatens to win with ...axb4.} 10. Rb1 axb4 11. axb4 Nbd7 12. Bd3 dxc4 13. Bxc4 Nd5 14. Bd2 N7b6 15. Bd3 Nxc3 16. Bxc3 Nd5 17. Qc1 c5 18. O-O (18. bxc5 $2 Nxc3 19. Qxc3 Ba5 $17) (18. dxc5 $11 {keeps the balance.} Nxf4 19. Bxh7+ Kxh7 20. exf4) 18... Nxc3 $17 19. Qxc3 cxd4 20. exd4 Bb6 21. Ne2 Bd7 22. Kh1 {Black keeps a firm grip on the game.} (22. b5 $15) 22... Bc6 23. Rbd1 Qd5 $36 {[%csl Gc6][%cal Rd5g2][%mdl 2048] [#] Keeping White busy.} 24. Rf3 Rfd8 25. Rg3 g6 (25... Bxd4 $2 {perishes.} 26. Bxh7+ (26. Nxd4 g6 $18) 26... Kf8 (26... Kxh7 $2 27. Rxd4 f6 28. Rxd5 $18) 27. Rxd4 $18) 26. b5 (26. Bc4 $17 Qd7 27. h3) 26... Bxb5 $19 {This pair of bishops is nice.} 27. Rg5 f5 28. h4 $2 (28. Bxb5 Qxb5 29. Qe3) 28... Rdc8 29. Qb4 Bxd3 30. Rxd3 Bd8 31. Nc3 Qc4 32. Qxc4 Rxc4 33. Rgg3 Bxh4 34. Rge3 Bf6 35. Nb5 $2 (35. Ne2) 35... Ra6 36. d5 (36. Kh2 $142) 36... exd5 (36... Rxf4 37. Rxe6 Re4 38. Rxa6 bxa6 39. Nc3 Rh4+ 40. Kg1 $19) 37. Rxd5 Rxf4 {[#] ...Ra1+ would now be deadly.} 38. g3 Rf2 39. Kg1 Rc2 {Black is clearly winning.} 40. Re1 Kg7 41. Nd6 Kh6 42. Nf7+ Kh5 43. Rf1 Raa2 {( -> ...Rg2+)} 44. Rfd1 Rg2+ 45. Kh1 Kg4 {Weighted Error Value: White=0.56/Black=0.20 (precise) .  Mistake:       	White=6     	---        Inaccurate:     	White=3     	Black=3      OK:         	White=5     	Black=20     Best:        	---       	Black=5} 0-1

[Event "45th FIDE Olympiad 2024"]
[Site "Budapest"]
[Date "2024.09.11"]
[Round "1.170"]
[White "Sahidi, Samir"]
[Black "Salim Mohammed, Salim Al Amri"]
[Result "1-0"]
[ECO "E91"]
[WhiteElo "2474"]
[BlackElo "1926"]
[Annotator "TA"]
[PlyCount "81"]
[EventDate "2024.09.05"]
[EventType "team-tourn"]
[EventCountry "HUN"]
[SourceTitle "playchess.com"]
[Source "ChessBase"]
[SourceQuality "1"]
[WhiteTeam "Slovakia"]
[BlackTeam "Oman"]
[WhiteTeamCountry "SVK"]
[BlackTeamCountry "OMN"]
[TimeControl "40/5400+30:1800+30"]

1. d4 Nf6 2. c4 g6 3. Nc3 Bg7 4. e4 d6 5. Nf3 O-O 6. Be2 e5 7. O-O Nc6 8. d5 Nb8 9. Ne1 a5 10. Nd3 Na6 11. Bg5 h6 {White is slightly better.} 12. Bh4 Qe8 13. a3 g5 (13... Nxe4 $5 14. Nxe4 f5 $14) 14. Bg3 a4 15. f3 (15. Qxa4 $2 Qxa4 16. Nxa4 Nxe4 $17) 15... Bd7 16. Bf2 b6 {[#]} 17. Nb5 $1 Bxb5 (17... Nh5 18. Qxa4) 18. cxb5 Nc5 19. Nb4 ({Better is} 19. Nxc5 $16 dxc5 20. d6) 19... Nfd7 20. Rc1 {White is more active.} f5 21. Na6 Nxa6 (21... Qd8 $16) 22. bxa6 $18 Nc5 23. Rc4 Nxa6 (23... fxe4 $16 24. fxe4 (24. Bxc5 exf3 25. Rxf3 bxc5 $16) 24... Nxa6 (24... Rxa6 $2 25. Rxc5 bxc5 26. Bxa6 $18)) 24. Rxa4 (24. Qxa4 $2 b5 25. Qd1 bxc4 $19) 24... Nc5 25. Rxa8 Qxa8 26. b4 Nd7 {[#]} 27. a4 $1 Nf6 28. Qc2 fxe4 (28... Kh8 $142 29. Kh1 (29. Qxc7 fxe4 30. Bb5 exf3 $16) 29... g4 30. exf5 (30. Qxc7 gxf3 31. gxf3 Qxa4 $11) 30... h5 31. Qxc7 Qxa4) 29. fxe4 ({Worse is} 29. Qxc7 Qxa4 30. Qxd6 Qa2 $11) 29... Rf7 $2 {Black is weak on the light squares} (29... Kh8 {was necessary.} 30. Ra1 (30. Qxc7 Qxa4 31. Qc4 b5 $14) 30... Rc8) 30. Ra1 h5 31. a5 h4 32. a6 (32. axb6 $2 {is the wrong capture.} Qxa1+ 33. Bf1 cxb6 $19) 32... Qa7 33. h3 Nd7 34. Bg4 Nf8 35. b5 Ng6 36. Be6 Nf4 37. Bxf7+ Kxf7 38. Qc6 Ne2+ 39. Kf1 Nd4 40. Qb7 Nxb5 41. Rb1 {Weighted Error Value: White=0.10 (very precise) /Black=0.58.  Mistake:       	White=1     	Black=4      Inaccurate:     	White=2     	Black=5      OK:         	White=11    	Black=9      Best:        	White=3     	Black=1      Brilliant:      	White=1     	---} 1-0

[Event "45th FIDE Olympiad 2024"]
[Site "Budapest"]
[Date "2024.09.11"]
[Round "1.171"]
[White "Al Maashani, Abdullah"]
[Black "Druska, Juraj"]
[Result "0-1"]
[ECO "B76"]
[WhiteElo "1893"]
[BlackElo "2441"]
[Annotator "TA"]
[PlyCount "62"]
[EventDate "2024.09.05"]
[EventType "team-tourn"]
[EventCountry "HUN"]
[SourceTitle "playchess.com"]
[Source "ChessBase"]
[SourceQuality "1"]
[WhiteTeam "Oman"]
[BlackTeam "Slovakia"]
[WhiteTeamCountry "OMN"]
[BlackTeamCountry "SVK"]
[TimeControl "40/5400+30:1800+30"]

1. e4 c5 2. Nf3 Nc6 3. d4 cxd4 4. Nxd4 g6 5. Nc3 Bg7 6. Be3 Nf6 7. f3 O-O 8. Qd2 d5 9. O-O-O dxe4 10. Qf2 Qa5 11. Nb3 Qc7 12. Qh4 (12. Nxe4 $17 {was the only defense.} Nxe4 13. fxe4) 12... exf3 $19 13. gxf3 Bf5 14. Nb5 {Black is clearly better.} Qc8 {[%cal Oc6b4] [#] ...Nb4! is the strong threat.} 15. Bd3 (15. Nc3 {is a better defense.}) 15... Rd8 16. N5d4 $2 (16. Bxf5 {is tougher.} Rxd1+ (16... gxf5 17. Rxd8+ Qxd8 18. Rd1 $11) (16... Qxf5 $2 17. N5d4 $19) 17. Rxd1 Qxf5 (17... gxf5 18. Bh6 $11) 18. N5d4 Nxd4 19. Nxd4) 16... Bxd3 17. Rxd3 Nb4 18. Rd2 Nxa2+ 19. Kb1 Nb4 20. Rhd1 Rd5 {Prevents Nf5. And now ...a5 would win.} 21. Ne2 Nxc2 22. Bg5 (22. Bc5 {might work better.} Qf5 (22... Rxc5 $2 23. Rd8+ Qxd8 24. Rxd8+ Rxd8 25. Nxc5 $19) 23. Rxd5 Nxd5 24. Qe4) 22... Qf5 {Threatens to win with ...Nb4+.} 23. Rxd5 Nxd5 24. Ng3 $2 {[#]} (24. Qe4 $19 Ncb4 25. Qxf5 gxf5 26. Nc5) 24... Na3+ {Black mates.} 25. Ka2 Qc2 26. Rd2 Nc3+ 27. Kxa3 Nb1+ 28. Kb4 Nxd2 29. Bxd2 a5+ 30. Ka3 Qxb2+ 31. Ka4 Qa2+ {Weighted Error Value: White=0.62/Black=0.23 (precise) .  Mistake:       	White=4     	---        OK:         	White=5     	Black=6      Best:        	White=1     	Black=2} (31... b5+ $142 32. Kxb5 Qxb3+ 33. Qb4 Qd5+ (33... axb4 {leads to mate.} 34. Ne4 Qd5+ 35. Nc5 Rb8+ 36. Ka5 Qxc5+ 37. Ka4 Qc2+ 38. Ka5 Qa2#) 34. Qc5 Rb8+ (34... Qxd2 {gets mated.} 35. Ne4 Qb2+ 36. Kc4 Qc2+ 37. Nc3 Qxc3+ 38. Kd5 Rd8+ 39. Kc6 Rc8+ 40. Kb7 Qxc5 41. f4 Rc7+ 42. Kb8 Qa7#) 35. Ka6 Qb7+ (35... Qxc5 $2 36. Bxa5 Qb5+ 37. Ka7 Qb7#) 36. Kxa5 Ra8+ 37. Qa7 Rxa7#) 0-1

[Event "45th FIDE Olympiad 2024"]
[Site "Budapest"]
[Date "2024.09.11"]
[Round "1.172"]
[White "Kostolansky, Sebastian Lukas"]
[Black "Al Busaidi, Hamood"]
[Result "1/2-1/2"]
[ECO "B12"]
[WhiteElo "2405"]
[BlackElo "1881"]
[Annotator "ChessBase"]
[PlyCount "82"]
[EventDate "2024.09.05"]
[EventType "team-tourn"]
[EventCountry "HUN"]
[SourceTitle "playchess.com"]
[Source "ChessBase"]
[SourceQuality "1"]
[WhiteTeam "Slovakia"]
[BlackTeam "Oman"]
[WhiteTeamCountry "SVK"]
[BlackTeamCountry "OMN"]
[TimeControl "40/5400+30:1800+30"]

1. e4 c6 2. d4 d5 3. e5 Bf5 4. h4 h5 5. Bd3 Bxd3 6. Qxd3 e6 7. Bg5 Qa5+ 8. Nd2 Qa6 9. c4 Ne7 10. Ngf3 Nf5 11. O-O Nd7 12. Qc2 Be7 13. cxd5 cxd5 14. Qc7 Bxg5 15. hxg5 Nb6 16. Qc5 Rc8 17. Qb4 Qa4 18. a3 g6 19. Rfc1 Qxb4 20. axb4 O-O 21. Rc5 a6 22. Rac1 Rxc5 23. bxc5 Rc8 24. Rc3 Nd7 25. Rb3 Rc7 26. Kf1 b6 27. cxb6 Rb7 28. Ke2 Rxb6 29. Kd3 Kf8 30. Rxb6 Nxb6 31. Kc3 Ke7 32. Kb4 Kd7 33. Nb3 Nc4 34. Nc5+ Kc6 35. b3 a5+ 36. Kc3 Na3 37. Na4 Nb5+ 38. Kd3 Na3 39. Kc3 Nb5+ 40. Kd3 Na3 41. Kc3 Nb5+ 1/2-1/2

[Event "45th FIDE Olympiad 2024"]
[Site "Budapest"]
[Date "2024.09.11"]
[Round "1.173"]
[White "Garcia Pantoja, Roberto"]
[Black "Pereira, Sergio"]
[Result "1-0"]
[ECO "B45"]
[WhiteElo "2550"]
[BlackElo "1988"]
[Annotator "TA"]
[PlyCount "63"]
[EventDate "2024.09.05"]
[EventType "team-tourn"]
[EventCountry "HUN"]
[SourceTitle "playchess.com"]
[Source "ChessBase"]
[SourceQuality "1"]
[WhiteTeam "Colombia"]
[BlackTeam "Sao Tome and Principe"]
[WhiteTeamCountry "COL"]
[BlackTeamCountry "SAO"]
[TimeControl "40/5400+30:1800+30"]

1. e4 c5 2. Nf3 e6 3. d4 cxd4 4. Nxd4 Nf6 5. Nc3 Nc6 6. a3 d6 7. Be3 Be7 8. Be2 O-O 9. f4 a6 {The position is equal.} 10. g4 ({White should try} 10. Qd2 $11) 10... Nxd4 $1 $15 11. Qxd4 {[#]} e5 $1 12. fxe5 (12. Qd1 Qa5) 12... Nxg4 13. Bxg4 Bxg4 14. Rg1 h5 (14... Bh4+ $17 15. Bf2 f5 16. exf6 Bxf2+ 17. Qxf2 Rxf6 (17... Qxf6 $2 18. Qxf6 Rxf6 19. Rxg4 $18)) 15. h3 $1 $11 Bh4+ $1 (15... Bxh3 16. O-O-O (16. exd6 Bh4+ 17. Kd2 Bg4 $14) 16... Bg4 (16... dxe5 $2 17. Qxe5 Bg4 18. Rxg4 $18) 17. exd6 Bxd6 (17... Bf6 $2 18. e5 $18) 18. Qxd6 $16) 16. Bf2 Bxh3 {And now ...Bxf2+ would win. This pair of bishops is nice.} 17. O-O-O $1 $36 {[%mdl 2048] Black must now prevent Bxh4. White has good play.} Bg5+ (17... Bxf2 $1 $11 18. Qxf2 Bg4) 18. Kb1 $16 {White is more active.} Bg4 {[#]} 19. Rxg4 $1 hxg4 $11 20. exd6 Qf6 {aiming for ...Qxd4.} 21. e5 Qf4 (21... Qf5 $11) 22. Ne4 $18 Rfd8 (22... Qf5 $142) 23. Rg1 {Nxg5 is the strong threat.} Kf8 $2 (23... Rac8 24. Nxg5 Qxg5 25. Rxg4 (25. Qxg4 Qxg4 26. Rxg4 Rd7 $11) 25... Qf5) 24. Nxg5 Qxg5 25. Rxg4 {Black is weak on the dark squares} ({Inferior is} 25. Qxg4 Qxg4 26. Rxg4 Rd7 $11) 25... Qf5 26. Bh4 Rd7 {[#]} 27. e6 $1 fxe6 (27... f6 28. exd7) 28. Be7+ {White mates.} Rxe7 29. dxe7+ Ke8 30. Rxg7 Qf1+ 31. Ka2 Rc8 32. Rg8+ {Weighted Error Value: White=0.20 (precise) /Black=0.78.  Loses game:     	---       	Black=1      Mistake:       	White=2     	Black=4      Inaccurate:     	White=2     	Black=2      OK:         	White=1     	Black=3      Best:        	White=6     	---        Strong:       	White=2     	Black=2      Brilliant:      	---       	Black=1} 1-0